 Dungeon Crawl Stone Soup version 0.30-a0-738-g116ff8c4af (webtiles) character file.

Game seed: 1909021630953394395

79 timneilson the Covered (level 4, -8/29 HPs)
             Began as a Gargoyle Fighter on Feb 3, 2023.
             Killed by divine providence
             ... invoked by an orc priest
              (9 damage)
             ... on level 2 of the Dungeon.
             The game lasted 00:02:55 (1038 turns).

timneilson the Covered (Gargoyle Fighter)           Turns: 1038, Time: 00:02:56

Health: -8/29      AC: 14    Str: 21    XL:     4   Next: 38%
Magic:  4/4        EV:  7    Int:  9    God:
Gold:   104        SH:  4    Dex:  9    Spells: 3/3 levels left

rFire   + . .      SeeInvis .    a - +0 long sword
rCold   . . .      Faith    .    c - +0 buckler
rNeg    + . .      Spirit   .    k - +0 chain mail
rPois   ∞          Reflect  .    (no helmet)
rElec   +          Harm     .    (no cloak)
rCorr   .          Rampage  .    e - +0 pair of gloves
Will    .....                    (no boots) Stlth
                                 (no amulet)
HPRegen 0.24/turn                g - ring of protection from fire
MPRegen 0.09/turn                (no ring)

@: mighty
A: sickness immunity, AC +3, negative energy resistance 1, electricity
resistance, torment resistance 1, petrification resistance
a: no special abilities


You were on level 2 of the Dungeon.
You visited 1 branch of the dungeon, and saw 2 of its levels.

You collected 104 gold pieces.

Inventory:

Hand Weapons
 a - a +0 long sword (weapon)
Armour
 c - a +0 buckler (worn)
 e - a +0 pair of gloves (worn)
 k - a +0 chain mail (worn)
Jewellery
 g - a ring of protection from fire (left hand)
Scrolls
 j - 2 scrolls of blinking {unknown}
Potions
 d - a potion of might
 h - a potion of lignification {unknown}
 i - a potion of degeneration {unknown}


   Skills:
 + Level 3.6 Fighting
 * Level 2.5 Long Blades
 * Level 4.0 Armour
 + Level 0.7 Dodging
 * Level 3.9 Shields


You had 3 spell levels left.
You didn't know any spells.
Your spell library was empty.

Dungeon Overview and Level Annotations

Branches:
Dungeon (2/15)

Altars:

Shops:
D:2 ?[(?


Innate Abilities, Weirdness & Mutations

You are immune to sickness and miasma.
Your stone body is resilient. (AC +3)
You are immune to poison.
You resist negative energy. (rN+)
You are resistant to electric shocks. (rElec)
You are resistant to unholy torment.
You are immune to petrification.


Message History

You closely miss the orc wizard.
The orc wizard is severely wounded.
The orc wizard hits you but does no damage.
You closely miss the orc wizard.
The orc wizard is severely wounded.
You block the orc wizard's attack.
You closely miss the orc wizard.
The orc wizard is severely wounded.
The orc wizard gestures wildly while chanting.
The orc wizard flickers and vanishes!
Deactivating autopickup; reactivate with Ctrl-A.
You block something's attack.
You barely miss something. Something hits you but does no damage.
You closely miss something. Something hits you but does no damage.
You barely miss something.
Something hits you but does no damage. x2
You closely miss something. You block something's attack.
You slash something!
Reactivating autopickup.
You feel a bit more experienced.
The orc priest calls down the wrath of Beogh upon you.
Beogh smites you!
* * * LOW HITPOINT WARNING * * *
Your Armour skill increases to level 4!
You have reached level 4!
You feel clever.
You feel better. The orc barely misses you.
You slash the orc!
You kill the orc!
The orc priest mumbles some strange prayers to Beogh against you.
Beogh smites you!
* * * LOW HITPOINT WARNING * * *
The orc hits you but does no damage.
The orc priest hits you but does no damage.
Items here: )) [[.
You hit the orc priest.
The orc priest is moderately wounded.
You block the orc's attack. The orc priest barely misses you.
The orc priest calls down the wrath of Beogh upon you.
Beogh smites you!
You die...

#...######.#####.########
##.## #.# #.# # #.# #.#
#.# # #.# #.# #.# # #.#
#.#####.# #
#.#######.......#
#....†.....######
##########.#######
#o@.........#
#o#########.. #o.......
#..8o..8. ......o..
.....o... ..........
(#..8...8. #.#........


You could see an orc priest and 2 orcs.

Vanquished Creatures
  An orc wizard (D:2)
  An adder (D:2)
  A gnoll (D:1)
  A dart slug (D:2)
  An orc (D:2)
  3 ball pythons
  2 endoplasms
  A giant cockroach (D:1)
  5 hobgoblins
  3 jackals (D:1)
  3 quokkas
  3 bats (D:1)
  5 frilled lizards
  A kobold (D:1)
  3 rats (D:1)
34 creatures vanquished.

Notes
Turn   | Place    | Note
-------+----------+-------------------------------------------
     0 | D:1      | timneilson the Gargoyle Fighter began the quest for the
                  | Orb.
     0 | D:1      | Reached XP level 1. HP: 14/14 MP: 1/1
    61 | D:1      | Reached XP level 2. HP: 15/19 MP: 2/2
   543 | D:1      | Reached XP level 3. HP: 20/23 MP: 3/3
   721 | D:2      | Found Cekod's Magic Scroll Shop.
   754 | D:2      | Found Ticenut's Armour Boutique.
   801 | D:2      | Found Pusoim's Magic Scroll Boutique.
   869 | D:2      | Found Zuaqymon's Antique Weapon Shop.
  1035 | D:2      | Reached skill level 4 in Armour
  1035 | D:2      | Reached XP level 4. HP: 7/28 MP: 4/4
  1036 | D:2      | HP: 1/28 [orc priest/divine providence (12)]
  1038 | D:2      | Killed from afar by an orc priest

Illustrated notes

Levels and vault maps discovered:
D:1:      eino_arrival_tree_alley, layout_basic
D:2:      cheibrodos_pilgrimage, layout_loops_ring, serial_shops,
          nicolae_shop_statue_plus, shop, nicolae_shop_waterfront,
          shop_fountains, nicolae_shop_window_shopping

Skill      XL: |  1  2  3 |
---------------+----------+-----
Long Blades    | 2 |  2.5
Armour         | 4 |  4.0
Fighting       | |  3.6
Dodging        | |  0.7
Shields        | |  3.9

Action                     |  1- 3 |  4- 6 || total
---------------------------+-------+-------++-------
  Melee: Long sword        |   140 |     2 ||   142
    Use: Potion            |     2 |     1 ||     3
 Armour: Scale mail        |    70 |       ||    70
         Chain mail        |    21 |     2 ||    23
  Dodge: Dodged            |    91 |     2 ||    93
  Block: Buckler           |    35 |     1 ||    36

Table legend: (Time is in decaauts)
 A = Elapsed time spent in this place.
 B = Non-inter-level travel time spent in this place.
 C = Inter-level travel time spent in this place.
 D = Time resting spent in this place.
 E = Time spent auto-exploring this place.
 F = Levels seen in this place.
 G = Mean time per level.
                   A        B        C        D        E       F      G
               +--------+--------+--------+--------+--------+-----+--------+
         Total |   1083 |   1072 |     11 |      0 |    709 |   2 |  541.5 |
       Dungeon |   1083 |   1072 |     11 |      0 |    709 |   2 |  541.5 |
               +--------+--------+--------+--------+--------+-----+--------+

Top non-repeatable levels by time:
     D:1: 747 daAuts
     D:2: 336 daAuts
